 Dungeon Crawl Stone Soup version 0.17-a0-1667-g4ca74a1 (webtiles) character file.

472 kae the Grappler (level 7, 0/57 HPs)
             Began as a Ghoul Monk on Aug 17, 2015.
             Slain by Edmund
             ... wielding a +0 flail of holy wrath
              (7 damage)
             ... on level 5 of the Dungeon.
             The game lasted 00:05:08 (2927 turns).

kae the Grappler (Ghoul Monk)                       Turns: 2927, Time: 00:05:08

Health: 0/57       AC:  4    Str: 15    XL:     7   Next: 9%
Magic:  6/6        EV: 12    Int:  7    God:
Gold:   192        SH:  0    Dex: 11    Spells: 0 memorised, 6 levels left

rFire  . . .     SeeInvis .       - Unarmed
rCold  + . .     Clarity  .     a - +0 robe
rNeg   + + +     SustAt   .     (no shield)
rPois  ∞         Gourm    +     s - +0 helmet
rElec  .         Spirit   .     o - +0 cloak
rCorr  .         Warding  .     (no gloves)
rMut   .         Stasis   .     (no boots)
MR     .....                    m - amulet of the gourmand
Stlth  ++........               (no ring)
                                (no ring)

@: rotting, not resistant to hostile enchantments, unstealthy
A: rotting body, claws 1, carnivore 3, cold resistance 1, negative energy
resistance 3, slow healing 1, torment resistance, unbreathing
a: no special abilities


You were on level 5 of the Dungeon.
You were not hungry.

You visited 1 branch of the dungeon, and saw 5 of its levels.

You collected 192 gold pieces.

Inventory:

Armour
 a - a +0 robe (worn)
 o - a +0 cloak (worn)
 s - a +0 helmet (worn)
Jewellery
 m - an amulet of the gourmand (around neck)
 y - a cursed ring of teleportation {unknown}
Magical devices
 n - a wand of flame (31)
Scrolls
 c - 2 scrolls of enchant armour {unknown}
 d - 5 scrolls of identify {unknown}
 h - 2 scrolls of random uselessness {unknown}
 i - a scroll of teleportation {unknown}
 k - 2 scrolls of fog {unknown}
 l - 5 scrolls of remove curse {unknown}
 u - 3 scrolls of fear {unknown}
 x - a scroll of magic mapping {unknown}
Potions
 e - a potion of cancellation {unknown}
 j - a potion of degeneration {unknown}
 p - a potion of agility {unknown}
 q - a potion of might {unknown}
 r - a potion of mutation {unknown}
 t - 2 potions of flight {unknown}
 v - a potion of curing {unknown}
 A - a potion of invisibility {unknown}
Comestibles
 b - 2 meat rations
 g - 3 beef jerkies
 z - a slice of pizza
 B - a royal jelly


   Skills:
 - Level 3.2 Fighting
 - Level 2.6 Dodging
 - Level 2.1 Stealth
 + Level 9.1 Unarmed Combat


You had 6 spell levels left.
You didn't know any spells.

Dungeon Overview and Level Annotations

Branches:
Dungeon (5/15)
 Temple: D:4-7

Altars:
Gozag

Shops:
D:4 *

Annotations:
D:5 Edmund


Innate Abilities, Weirdness & Mutations

Your body is rotting away.
You thrive on raw meat.
You are immune to poison.
You have sharp fingernails.
You are carnivorous and can eat meat at any time.
Your flesh is cold resistant.
You are immune to negative energy.
You heal slowly when monsters are visible.
You are immune to unholy pain and torment.
You can survive without breathing.


Message History

Edmund hits you with a flail of holy wrath.
* * * LOW HITPOINT WARNING * * *
You convulse.
* * * LOW HITPOINT WARNING * * *
Drink which item? (? for menu, Esc to quit)
Okay, then.
Edmund clears his throat.
Sorry, you're not good enough to have a special ability.
Unknown command.
Read which item? (? for menu, Esc to quit)
Okay, then.
Unknown command.
Evoke which item? (* to show all) (? for menu, Esc to quit)
Okay, then.
Unknown command.
Edmund says, "You wouldn't believe how much I paid for this flail."
Edmund hits you with a flail of holy wrath.
* * * LOW HITPOINT WARNING * * *
You convulse!
You die...

###......# ##.......##
##.....# ##........
#.....# ##..###...
#.....## #..## ##....>.#
##..# #.......## #...#
#..........###..##
##..........##.<########
#..........@@..........
#..#....................
.####..........#######..
#........### ##......##
#....... ##..##.. ..# ##
..


You could see Edmund.

Vanquished Creatures
  A water moccasin zombie (D:5)
  2 orc priests (D:4)
  An orc wizard (D:4)
  Crazy Yiuf (D:2)
  A hound (D:4)
  2 giant frog skeletons (D:4)
  A worker ant (D:4)
  Terence (D:3)
  6 adders
  An ooze (D:1)
  2 worms
  2 adder skeletons (D:4)
  3 giant geckos
  8 orcs
  9 goblins
  9 hobgoblins
  6 jackals (D:2)
  4 quokkas
  5 bats
  4 giant cockroaches
  A giant gecko skeleton (D:4)
  5 giant newts
  8 kobolds
  A quokka zombie (D:3)
  8 rats
92 creatures vanquished.

Notes
Turn   | Place    | Note
--------------------------------------------------------------
     0 | D:1      | kae the Ghoul Monk began the quest for the Orb.
     0 | D:1      | Reached XP level 1. HP: 19/19 MP: 0/0
    28 | D:1      | Reached XP level 2. HP: 23/26 MP: 1/1
   118 | D:1      | Reached skill level 5 in Unarmed Combat
   254 | D:1      | Reached XP level 3. HP: 31/31 MP: 2/2
   801 | D:2      | Reached skill level 6 in Unarmed Combat
   801 | D:2      | Reached XP level 4. HP: 12/38 MP: 3/3
  1105 | D:2      | Noticed Crazy Yiuf
  1112 | D:2      | Killed Crazy Yiuf
  1556 | D:3      | Noticed Terence
  1557 | D:3      | Reached XP level 5. HP: 45/45 MP: 4/4
  1575 | D:3      | Killed Terence
  1575 | D:3      | Reached skill level 7 in Unarmed Combat
  2117 | D:4      | Reached XP level 6. HP: 48/50 MP: 5/5
  2126 | D:4      | Reached skill level 8 in Unarmed Combat
  2463 | D:4      | Found an opulent altar of Gozag.
  2464 | D:4      | Found Gozag's Platinum Reserve.
  2805 | D:5      | Entered Level 5 of the Dungeon
  2836 | D:5      | Reached skill level 9 in Unarmed Combat
  2836 | D:5      | Reached XP level 7. HP: 39/56 MP: 6/6
  2838 | D:5      | Noticed Edmund
  2927 | D:5      | Slain by Edmund

Vault maps used:
D:1:      shiori_shiawase
D:2:      uniq_crazy_yiuf_cottage
D:3:      uniq_terence
D:4:      nicolae_gozag_zags_fifth_avenue
D:5:      minmay_temple_entry_nine_rooms, first_bread, uniq_prince_ribbit1,
          uniq_pikel, uniq_edmund

Action                   |  1- 3 |  4- 6 |  7- 9 || total
-------------------------+-------+-------+-------++-------
Melee: Unarmed           |   103 |   205 |    13 ||   321
  Use: Potion            |       |       |     2 ||     2
 Stab: Sleeping          |     1 |     1 |       ||     2
  Eat: Chunk             |    25 |    29 |       ||    54
